 Dungeon Crawl Stone Soup version 0.28-a0-1167-g616b1c6417 (webtiles) character file.

Game seed: 1246658476708559173

133 Fortus the Slasher (level 4, 0/33 HPs)
             Began as a Demonspawn Gladiator on Dec 16, 2021.
             Was a Priest of Dithmenos.
             Slain by a black bear (4 damage)
             ... on level 4 of the Dungeon.
             The game lasted 00:06:28 (3115 turns).

Fortus the Slasher (Demonspawn Gladiator)           Turns: 3115, Time: 00:06:29

Health: 0/33       AC:  6    Str: 14    XL:     4   Next: 94%
Magic:  4/4        EV: 12    Int: 10    God:    Dithmenos [***...]
Gold:   157        SH:  0    Dex: 16    Spells: 3/3 levels left

rFire   . . .      SeeInvis .   k - +3 spear
rCold   . . .      Faith    .   (no shield)
rNeg    . . .      Spirit   .   b - +0 leather armour
rPois   .          Reflect  .   c - +0 helmet
rElec   .          Harm     .   h - scarf {+Inv}
rCorr   .          Rampage  .   (no gloves)
Will    .....                   (no boots)
Stlth   +++.......              (no amulet)
HPRegen 0.11/turn               (no ring)
MPRegen 0.09/turn               (no ring)

@: wreathed by umbra
A: hooves 1, molten scales 1
a: Renounce Religion, Evoke Invisibility, Shadow Step


You were on level 4 of the Dungeon.
You worshipped Dithmenos.
Dithmenos was most pleased with you.
You visited 1 branch of the dungeon, and saw 4 of its levels.

You collected 157 gold pieces.

Inventory:

Hand Weapons
 a - a +0 long sword
 g - a +0 dagger of draining
 k - a +3 spear (weapon)
Missiles
 d - 3 throwing nets (quivered)
Armour
 b - a +0 leather armour (worn)
 c - a +0 helmet (worn)
 h - a scarf of invisibility (worn)
 q - a +2 scale mail of cold resistance
Scrolls
 f - a scroll of acquirement {unknown}
 j - a scroll of amnesia {unknown}
 l - a scroll of vulnerability {unknown}
 m - a scroll of identify {unknown}
 n - a scroll of summoning {unknown}
 o - a scroll of silence {unknown}
 p - a scroll of fog {unknown}
Potions
 e - a potion of magic {unknown}
 i - 2 potions of curing {unknown}


   Skills:
 - Level 2.0 Fighting
 - Level 4.1 Long Blades
 - Level 1.7 Throwing
 - Level 2.6 Dodging
 * Level 2.5 Stealth
 + Level 1.5 Evocations


You had 3 spell levels left.
You didn't know any spells.
Your spell library contained the following spells:

 Spells                   Type           Power      Damage    Failure   Level
 Foxfire                  Conj/Fire      0%         2x1d4     43%         1
 Slow                     Hex            0%         N/A       43%         1
 Confusing Touch          Hex            0%         N/A       82%         3
 Conjure Flame            Conj/Fire      0%         6-21      82%         3
 Inner Flame              Hex/Fire       0%         N/A       82%         3
 Stone Arrow              Conj/Erth      0%         3d7       82%         3
 Vampiric Draining        Necr           0%         2d6       82%         3
 Animate Armour           Summ/Erth      0%         N/A       99%         4
 Flame Wave               Conj/Fire      0%         2d4       99%         4
 Lehudib's Crystal Spear  Conj/Erth      0%         10d2      100%        8


Dungeon Overview and Level Annotations

Branches:
Dungeon (4/15)
 Temple: D:4-7

Altars:
Dithmenos
Elyvilon

Shops:
D:2 :[   D:3 [


Innate Abilities, Weirdness & Mutations

You have large cloven feet.
You are partially covered in molten scales. (AC +2)


Message History

You hit the black bear.
You kick the black bear, but do no damage.
The black bear is moderately wounded.
The black bear barely misses you. The black bear claws you.
The black bear completely misses you.
You closely miss the black bear.
The black bear is moderately wounded.
The black bear closely misses you.
The black bear claws you but does no damage. x2
You hit the black bear.
The black bear is heavily wounded.
The black bear bites you.
The black bear claws you but does no damage.
The black bear barely misses you.
You barely miss the black bear.
The black bear is heavily wounded.
The black bear bites you. The black bear misses you.
The black bear claws you but does no damage.
You hit the black bear. Your kick misses the black bear.
The black bear is severely wounded.
The black bear bites you. The black bear barely misses you.
The black bear claws you but does no damage.
You hit the black bear but do no damage.
You kick the black bear.
The black bear is severely wounded.
The black bear goes berserk!
The black bear closely misses you. The black bear claws you.
The black bear barely misses you.
You hit the black bear. You kick the black bear.
The black bear is almost dead.
The black bear barely misses you.
The black bear claws you but does no damage.
The black bear claws you.
You completely miss the black bear.
The black bear is almost dead.
The black bear bites you. The black bear claws you.
The black bear claws you but does no damage.
The black bear bites you!
* * * LOW HITPOINT WARNING * * *
The black bear claws you.
You die...

### .. ###.# ...#
#h.# #@.# #.$#
##########..#
######...........#
#.....#########.##
##.....# #.#
.......#########.#
.....#...........#
####.#############


You could see a black bear (berserk).

Vanquished Creatures
  A gnoll (D:1)
  3 adders
  A worm (D:3)
  2 dart slugs
  5 orcs
  9 ball pythons
  10 endoplasms
  6 giant cockroaches
  3 goblins
  8 hobgoblins
  2 jackals (D:1)
  2 quokkas
  A bat (D:1)
  3 frilled lizards
  5 kobolds
  23 rats
84 creatures vanquished.

Notes
Turn   | Place    | Note
-------+----------+-------------------------------------------
     0 | D:1      | Fortus the Demonspawn Gladiator began the quest for the
                  | Orb.
     0 | D:1      | Reached XP level 1. HP: 16/16 MP: 1/1
    36 | D:1      | Found a faded altar of an unknown god.
    58 | D:1      | Prayed at the altar of an unknown god.
    58 | D:1      | Became a worshipper of Dithmenos the Shadowed
    58 | D:1      | Reached * piety under Dithmenos
   361 | D:1      | Reached skill level 3 in Long Blades
   473 | D:1      | Gained mutation: You have large cloven feet. [demonic
                  | ancestry]
   473 | D:1      | Reached XP level 2. HP: 22/22 MP: 2/2
  1164 | D:1      | Gained mutation: You are partially covered in molten
                  | scales. (AC +2) [demonic ancestry]
  1164 | D:1      | Reached XP level 3. HP: 7/27 MP: 3/3
  1387 | D:1      | Reached skill level 4 in Long Blades
  1777 | D:2      | Reached ** piety under Dithmenos
  1840 | D:2      | You fall into a shaft and drop 1 floor!
  1857 | D:3      | Reached skill level 1 in Stealth
  1996 | D:2      | Reached XP level 4. HP: 26/33 MP: 4/4
  2005 | D:2      | Found Xacruen's Book Shoppe.
  2179 | D:2      | Found Pacainli's Antique Armour Emporium.
  2199 | D:2      | Reached skill level 1 in Evocations
  2492 | D:3      | Found Ofuval's Antique Armour Boutique.
  2729 | D:3      | Reached *** piety under Dithmenos
  3103 | D:4      | Noticed a black bear
  3115 | D:4      | Slain by a black bear

Illustrated notes

Levels and vault maps discovered:
D:1:      grunt_arrival_lava_bath, layout_basic,
          chequers_ecumenical_altar_simple_redux,
          corexii_item_surrounded_by_moat,
          nicolae_concentric_dashed_squares_wild, minivault_19
D:2:      layout_rooms, basic_altar, serial_shops, shop,
          nicolae_shop_hallway_stairs, minmay_rat_hole
D:3:      layout_basic, serial_shops, nicolae_shop_trees
D:4:      minmay_octagon_keep, layout_loops_ring, biasface_ghost_orc_armoury,
          hangedman_abyss_or_decor_stagger

Skill      XL: |  1  2  3  4 |
---------------+-------------+-----
Long Blades    | 3 4 |  4.1
Stealth        | 1 2 |  2.5
Evocations     | 1 |  1.5
Fighting       | |  2.0
Throwing       | |  1.7
Dodging        | |  2.6

Action                   |  1- 3 |  4- 6 || total
-------------------------+-------+-------++-------
Melee: Long sword        |    89 |     2 ||    91
       Kick              |    10 |    21 ||    31
       Spear             |       |    99 ||    99
 Stab: Sleeping          |       |     6 ||     6
Armor: Leather armour    |    26 |    23 ||    49
Dodge: Dodged            |    75 |    52 ||   127

Table legend: (Time is in decaauts)
 A = Elapsed time spent in this place.
 B = Non-inter-level travel time spent in this place.
 C = Inter-level travel time spent in this place.
 D = Time resting spent in this place.
 E = Time spent auto-exploring this place.
 F = Levels seen in this place.
 G = Mean time per level.
                   A        B        C        D        E       F      G
               +--------+--------+--------+--------+--------+-----+--------+
         Total |   3144 |   3036 |    108 |    495 |   2006 |   4 |  786.0 |
       Dungeon |   3144 |   3036 |    108 |    495 |   2006 |   4 |  786.0 |
               +--------+--------+--------+--------+--------+-----+--------+

Top non-repeatable levels by time:
     D:1: 1785 daAuts
     D:2: 528 daAuts
     D:3: 497 daAuts
     D:4: 332 daAuts
